AoeStats
← adolfo_jay

Arena

506714463Analyzed
4v4 RM · 17d ago on Sep 14, 2026· 55m 30s· 8 players
Game mode
Random Map
Map size
Large (8 player)
Population
200
Speed
Normal
Resources
Standard
Victory
Conquest
Starting age
Dark Age
Ending age
Imperial Age
RankedLock teamsTeams togetherTeam positionsShared explorationLock speedFull tech treeHidden civsTurbo modeCheats
Victory
Defeat
🇹🇷 Armenians · Türkiye
1099
+15
🇦🇷 Persians · Argentina
1082
+15
🇨🇴 Saracens · Colombia
1081
+16
🇲🇽 Spanish · Mexico
1079
+16
🇹🇷 Vikings · Türkiye
1094
-16
🇫🇷 Italians · France
1090
-17
🇬🇧 Koreans · United Kingdom
1071
-15
🇹🇷 Dravidians · Türkiye
1045
-14
berker06ankara
11:59 Feudal Age
13:23 Double-Bit Axe
17:11 Castle Age
15:17 Horse Collar
16:44 Stone Mining
18:18 Bow Saw
18:12 Heavy Plow
23:00 Gold Mining
24:48 Gold Shaft Mining
28:59 Imperial Age
26:30 Padded Archer Armor
26:11 Crossbowman
26:43 Fletching
27:11 Squires
26:57 Arson
27:25 Forging
27:03 Loom
28:00 Scale Mail Armor
28:01 Bodkin Arrow
28:01 Town Watch
28:58 Leather Archer Armor
29:19 Iron Casting
29:44 Chain Mail Armor
29:23 Capped Ram
30:08 Bracer
29:45 Arbalester
32:35 Chemistry
33:59 Plate Mail Armor
34:18 Ballistics
35:00 Two-Man Saw
34:33 Crop Rotation
34:10 Elite Skirmisher
35:18 Town Patrol
35:51 Ring Archer Armor
36:22 Blast Furnace
36:48 Siege Ram
38:23 Scale Barding Armor
38:11 Heated Shot
40:31 Chain Barding Armor
40:13 Cavalier
40:51 Light Cavalry
46:47 Heavy Scorpion
Geth567
8:46 Loom
14:08 Feudal Age
18:51 Castle Age
22:29 Fletching
28:25 Bodkin Arrow
39:14 Pikeman
39:56 Scale Mail Armor
40:07 Forging
43:24 Imperial Age
41:50 Chain Mail Armor
43:57 Iron Casting
48:25 Elite Fire Lancer
49:07 Squires
tretts
11:22 Feudal Age
16:20 Castle Age
14:16 Double-Bit Axe
14:17 Horse Collar
14:47 Gold Mining
15:18 Stone Mining
25:36 Imperial Age
24:14 Bow Saw
24:02 Fletching
24:34 Padded Archer Armor
25:45 Heavy Plow
26:09 Leather Archer Armor
26:18 Ballistics
26:31 Loom
27:25 Wheelbarrow
27:55 Bodkin Arrow
28:39 Ring Archer Armor
29:35 Chemistry
29:22 Bracer
30:31 Stone Shaft Mining
30:11 Thumb Ring
32:09 Pirotechnia
34:42 Conscription
35:31 Light Cavalry
36:23 Bloodlines
37:13 Elite Genoese Crossbowman
40:32 Murder Holes
43:38 Forging
43:34 Scale Barding Armor
46:14 Hussar
46:55 Husbandry
47:46 Iron Casting
47:32 Chain Barding Armor
49:29 Blast Furnace
ozeton
12:37 Feudal Age
12:47 Man-at-Arms
13:27 Horse Collar
13:33 Double-Bit Axe
14:12 Fletching
14:23 Padded Archer Armor
14:25 Scale Mail Armor
21:31 Castle Age
21:16 Forging
22:31 Thumb Ring
22:24 Bodkin Arrow
23:01 Squires
24:29 Wheelbarrow
24:22 Bow Saw
24:27 Gold Mining
25:27 Scale Barding Armor
26:33 Hand Cart
27:05 Ballistics
27:44 Leather Archer Armor
29:15 Chain Barding Armor
29:33 Iron Casting
29:23 Heavy Plow
35:07 Imperial Age
35:17 Elite Elephant Archer
36:02 Bracer
37:08 Chemistry
36:14 Stone Mining
37:14 Ring Archer Armor
39:24 Two-Man Saw
39:03 Atonement
39:13 Devotion
39:02 Loom
40:21 Blast Furnace
39:29 Gambesons
39:33 Arson
39:53 Siege Elephant
41:26 Faith
43:57 Husbandry
44:34 Murder Holes
44:50 Masonry
Guerreromix1
9:46 Feudal Age
8:39 Loom
12:29 Horse Collar
12:39 Double-Bit Axe
17:04 Castle Age
15:39 Stone Mining
17:51 Man-at-Arms
25:47 Wheelbarrow
24:58 Town Watch
29:15 Heavy Plow
29:33 Bow Saw
30:17 Gold Mining
31:13 Hand Cart
31:33 Forging
31:29 Scale Barding Armor
32:18 Masonry
33:23 Fletching
33:56 Chain Barding Armor
34:30 Bodkin Arrow
37:21 Imperial Age
35:55 Fortified Wall
37:33 Gold Shaft Mining
37:49 Iron Casting
37:25 Elite Mameluke
38:26 Conscription
40:04 Bracer
41:04 Blast Furnace
41:09 Chemistry
41:02 Bimaristan
41:58 Block Printing
42:20 Theocracy
41:58 Fervor
42:58 Hoardings
42:35 Counterweights
43:01 Devotion
43:27 Illumination
49:07 Plate Barding Armor
52:12 Caravan
53:26 Two-Man Saw
53:07 Onager
53:07 Capped Ram
53:51 Town Patrol
54:33 Siege Ram
adolfo_jay
11:16 Feudal Age
10:17 Loom
15:21 Castle Age
13:26 Double-Bit Axe
14:08 Horse Collar
16:29 Bow Saw
20:41 Heavy Plow
21:45 Wheelbarrow
22:00 Gold Mining
22:21 Town Watch
23:55 Hand Cart
24:40 Gold Shaft Mining
23:58 Stone Mining
26:41 Stone Shaft Mining
29:39 Imperial Age
27:26 Fletching
27:37 Padded Archer Armor
27:48 Forging
28:39 Bodkin Arrow
28:48 Town Patrol
28:57 Scale Barding Armor
30:15 Iron Casting
31:31 Chain Barding Armor
32:39 Two-Man Saw
32:13 Crop Rotation
32:55 Chemistry
32:15 Ballistics
33:18 Husbandry
33:29 Bloodlines
32:39 Cavalier
34:21 Plate Barding Armor
34:47 Blast Furnace
36:43 Savar
38:41 Conscription
40:10 Scale Mail Armor
43:52 Thumb Ring
43:09 Elite Skirmisher
44:39 Onager
46:00 Murder Holes
46:29 Leather Archer Armor
46:10 Bodkin Arrow
50:09 Coinage
49:40 Caravan
49:50 Guilds
51:14 Citadels
EsquedaKING
13:02 Feudal Age
14:16 Loom
17:49 Castle Age
18:00 Double-Bit Axe
17:57 Horse Collar
23:06 Fletching
23:17 Padded Archer Armor
27:11 Inquisition
28:42 Bodkin Arrow
29:02 Leather Archer Armor
29:58 Wheelbarrow
30:23 Bloodlines
30:14 Husbandry
33:06 Imperial Age
31:24 Forging
31:21 Scale Barding Armor
35:40 Chemistry
34:07 Onager
34:51 Cavalier
36:41 Paladin
38:00 Iron Casting
37:46 Chain Barding Armor
40:09 Blast Furnace
44:50 Caravan
46:33 Light Cavalry
GuForD
1:05 Loom
11:36 Feudal Age
10:55 Loom
14:02 Double-Bit Axe
16:22 Castle Age
14:25 Horse Collar
15:18 Man-at-Arms
16:37 Gold Mining
16:38 Long Swordsman
17:03 Gambesons
18:50 Arson
20:22 Bow Saw
21:45 Two-Handed Swordsman
23:39 Heavy Plow
26:05 Gold Shaft Mining
26:04 Scale Mail Armor
27:21 Chain Mail Armor
27:17 Forging
28:08 Wheelbarrow
28:36 Champion
31:10 Iron Casting
31:04 Hand Cart
35:20 Imperial Age
35:00 Squires
34:57 Town Watch
35:14 Stone Mining
35:28 Capped Ram
36:55 Siege Ram
39:02 Plate Mail Armor
40:21 Blast Furnace
45:23 Conscription
45:09 Fereters
48:04 Pikeman
50:41 Halberdier
54:24 Cilician Fleet
53:40 Elite Composite Bowman
54:42 Block Printing
54:54 Spies/Treason
Connection lost

Rejoining the realm…

Still unreachable

The connection could not be restored.

Session expired

The server has moved on; the page needs a fresh start.